3AA
SALEM MISFITS @ BATTLE GROUND AEROS
09/13/2021
 
TOP OF THE 1ST
Salem Misfits batting - Pitching for Battle Ground Aeros : LHP Phil Hanson
Pitching: LHP Phil Hanson
Batting: SHB Alonso Márquez 0-0: Ball
1-0: Ball
2-0: Called Strike
2-1: Swinging Strike
2-2: Strikes out swinging
Batting: LHB Micheal Garren 0-0: Called Strike
0-1: Foul Ball, location: 2F
0-2: Fly out, F6 (Popup, 6MD)
Batting: RHB Steve Duncan 0-0: Ground out 2-3 (Groundball, 23)
Top of the 1st over - 0 run(s), 0 hit(s), 0 error(s), 0 left on base; Salem 0 - Battle Ground 0
BOTTOM OF THE 1ST
Battle Ground Aeros batting - Pitching for Salem Misfits : LHP Javier Roldán
Pitching: LHP Javier Roldán
Batting: RHB Jim Unknown 0-0: Ball
1-0: Ball
2-0: Called Strike
2-1: Ball
3-1: Base on Balls
Batting: RHB Jim Unknown 0-0: SINGLE (Groundball, 56D) (infield hit)
Jim Unknown to second
Batting: RHB Jorge Rivera 0-0: Fly out, F8 (Flyball, 8LM)
Batting: RHB Artie Miller 0-0: Ball
1-0: Swinging Strike
1-1: Ball
2-1: Swinging Strike
2-2: Ball
3-2: SINGLE (Line Drive, 9S)
Jim Unknown to third
Jim Unknown to second
Runner from 3rd tries for Home, SAFE, no throw or cutoff
Batting: SHB Jim Unknown 0-0: Foul Ball, location: 2F
0-1: Called Strike
0-2: Strikes out swinging
Batting: LHB Jim Unknown 0-0: Ball
1-0: Ball
2-0: Ball
3-0: Called Strike
3-1: Base on Balls
Jim Unknown to third
Artie Miller to second
Batting: RHB Jim Unknown 0-0: Ball
1-0: Called Strike
1-1: DOUBLE (Flyball, 9LM)
Jim Unknown scores
Artie Miller scores
Jim Unknown to third
Runner from 3rd tries for Home, SAFE, no throw or cutoff
Batting: LHB Jim Unknown 0-0: Fly out, F7 (Flyball, 7LM)
Bottom of the 1st over - 4 run(s), 3 hit(s), 0 error(s), 1 left on base; Salem 0 - Battle Ground 4
TOP OF THE 2ND
Salem Misfits batting - Pitching for Battle Ground Aeros : LHP Phil Hanson
Batting: LHB Júlio Valentín 0-0: Foul Ball, location: 2F
0-1: Ball
1-1: Ball
2-1: Ball
3-1: Fly out, F2 (Popup, 2LF)
Batting: RHB Jay Parker 0-0: Called Strike
0-1: Foul Ball, location: 2F
0-2: Ground out 6-3 (Groundball, 6M)
Batting: RHB Jim Unknown 0-0: Ball
1-0: Foul Ball, location: 2F
1-1: Ball
2-1: Ground out 6-3 (Groundball, 6M)
Top of the 2nd over - 0 run(s), 0 hit(s), 0 error(s), 0 left on base; Salem 0 - Battle Ground 4
BOTTOM OF THE 2ND
Battle Ground Aeros batting - Pitching for Salem Misfits : LHP Javier Roldán
Batting: LHB Jim Unknown 0-0: Called Strike
0-1: Fly out, F4 (Popup, 4D)
Batting: RHB Jim Unknown 0-0: Called Strike
0-1: DOUBLE (Line Drive, 89M)
Batting: RHB Jim Unknown 0-0: SINGLE (Line Drive, 7LS)
Jim Unknown to third
Runner from 3rd tries for Home, SAFE, no throw or cutoff
Batting: RHB Jorge Rivera 0-0: Called Strike
0-1: Foul Ball, location: 2F
0-2: Strikes out swinging
Batting: RHB Artie Miller 0-0: Called Strike
0-1: Called Strike
0-2: Ball
Jim Unknown is caught stealing 2nd base
Bottom of the 2nd over - 1 run(s), 2 hit(s), 0 error(s), 0 left on base; Salem 0 - Battle Ground 5
TOP OF THE 3RD
Salem Misfits batting - Pitching for Battle Ground Aeros : LHP Phil Hanson
Batting: RHB Jim Unknown 0-0: Called Strike
0-1: Ball
1-1: Ball
2-1: Foul Ball, location: 2F
2-2: Fly out, F7 (Flyball, 78M)
Batting: RHB Jim Unknown 0-0: Ball
1-0: Swinging Strike
1-1: Foul Ball, location: 2F
1-2: Ball
2-2: Strikes out swinging
Batting: LHB Jim Unknown 0-0: Called Strike
0-1: Ball
1-1: Ball
2-1: Ball
3-1: Swinging Strike
3-2: Foul Ball, location: 2F
3-2: Strikes out swinging
Top of the 3rd over - 0 run(s), 0 hit(s), 0 error(s), 0 left on base; Salem 0 - Battle Ground 5
BOTTOM OF THE 3RD
Battle Ground Aeros batting - Pitching for Salem Misfits : LHP Javier Roldán
Batting: RHB Artie Miller 0-0: Called Strike
0-1: Swinging Strike
0-2: Ball
1-2: Foul Ball, location: 2F
1-2: Ball
2-2: SINGLE (Groundball, 4M)
Batting: SHB Jim Unknown 0-0: Ball
1-0: Ball
2-0: Called Strike
2-1: Foul Ball, location: 2F
2-2: Strikes out swinging
Batting: LHB Jim Unknown 0-0: Fly out, F8 (Flyball, 89M)
Batting: RHB Jim Unknown 0-0: Foul Ball, location: 2F
0-1: Called Strike
0-2: Strikes out swinging
Bottom of the 3rd over - 0 run(s), 1 hit(s), 0 error(s), 1 left on base; Salem 0 - Battle Ground 5
TOP OF THE 4TH
Salem Misfits batting - Pitching for Battle Ground Aeros : LHP Phil Hanson
Batting: SHB Alonso Márquez 0-0: Called Strike
0-1: Ball
1-1: Foul Ball, location: 2F
1-2: Ball
2-2: Ball
3-2: Base on Balls
Batting: LHB Micheal Garren 0-0: Ball
Alonso Márquez steals 2nd base
1-0: Foul Ball, location: 2F
1-1: Foul Ball, location: 2F
1-2: Ball
2-2: Ball
3-2: Foul Ball, location: 2F
3-2: Foul Ball, location: 2F
3-2: Base on Balls
Batting: RHB Steve Duncan 0-0: Swinging Strike
0-1: Ball
1-1: Fly out, F8 (Flyball, 8RM)
Batting: LHB Júlio Valentín 0-0: Called Strike
0-1: Ball
1-1: Called Strike
1-2: Strikes out swinging
Batting: RHB Jay Parker 0-0: Called Strike
0-1: Ball
1-1: Ball
2-1: 3-RUN HOME RUN (Flyball, 7D), Distance : 379 ft
Batting: RHB Jim Unknown 0-0: Called Strike
0-1: Ground out 5-3 (Groundball, 5)
Top of the 4th over - 3 run(s), 1 hit(s), 0 error(s), 0 left on base; Salem 3 - Battle Ground 5
BOTTOM OF THE 4TH
Battle Ground Aeros batting - Pitching for Salem Misfits : LHP Javier Roldán
Batting: LHB Jim Unknown 0-0: Called Strike
0-1: SINGLE (Line Drive, 4D)
Batting: LHB Jim Unknown 0-0: Ball
1-0: Ball
2-0: Called Strike
2-1: SINGLE (Groundball, 15) (infield hit)
Jim Unknown to second
Batting: RHB Jim Unknown 0-0: Ball
1-0: Ball
2-0: SINGLE (Flyball, 89S)
Jim Unknown to third
Jim Unknown to second
Batting: RHB Jim Unknown 0-0: Called Strike
0-1: Ball
1-1: Grounds into double play, 4-6-3 (Groundball, 4)
Jim Unknown scores
Jim Unknown to third
Batting: RHB Jorge Rivera 0-0: Ball
1-0: Ground out 6-3 (Groundball, 6)
Bottom of the 4th over - 1 run(s), 3 hit(s), 0 error(s), 1 left on base; Salem 3 - Battle Ground 6
TOP OF THE 5TH
Salem Misfits batting - Pitching for Battle Ground Aeros : LHP Phil Hanson
Batting: RHB Jim Unknown 0-0: Foul Ball, location: 2F
0-1: Ball
1-1: Ground out 1-3 (Groundball, 13S)
Batting: RHB Jim Unknown 0-0: Ground out 5-3 (Groundball, 56)
Batting: LHB Jim Unknown 0-0: Fly out, F5 (Popup, 5D)
Top of the 5th over - 0 run(s), 0 hit(s), 0 error(s), 0 left on base; Salem 3 - Battle Ground 6
BOTTOM OF THE 5TH
Battle Ground Aeros batting - Pitching for Salem Misfits : LHP Javier Roldán
Batting: RHB Artie Miller 0-0: Ball
1-0: SINGLE (Line Drive, 7LS)
Batting: SHB Jim Unknown 0-0: Foul Ball, location: 2F
0-1: Swinging Strike
0-2: Foul Ball, location: 2F
0-2: Ball
1-2: Ball
2-2: Foul Ball, location: 2F
2-2: Ball
3-2: Foul Ball, location: 2F
3-2: Ground out 6-3 (Groundball, 6S)
Artie Miller to second
Batting: LHB Jim Unknown 0-0: Fly out, F8 (Flyball, 8LM)
Batting: RHB Jim Unknown 0-0: Foul Ball, location: 2F
0-1: Ball
1-1: Foul Ball, location: 2F
1-2: Ground out 5-3 (Groundball, 15S)
Bottom of the 5th over - 0 run(s), 1 hit(s), 0 error(s), 1 left on base; Salem 3 - Battle Ground 6
TOP OF THE 6TH
Salem Misfits batting - Pitching for Battle Ground Aeros : LHP Phil Hanson
Batting: SHB Alonso Márquez 0-0: Called Strike
0-1: Ball
1-1: Swinging Strike
1-2: Strikes out looking
Batting: LHB Micheal Garren 0-0: Ball
1-0: Ball
2-0: Called Strike
2-1: Ball
3-1: Swinging Strike
3-2: Foul Ball, location: 2F
3-2: Base on Balls
Batting: RHB Steve Duncan 0-0: Ball
Micheal Garren steals 2nd base
1-0: Ball
2-0: Called Strike
2-1: Fly out, F8 (Flyball, 8LM)
Batting: LHB Júlio Valentín 0-0: DOUBLE (Flyball, 78XD)
Micheal Garren scores
Batting: RHB Jay Parker 0-0: Swinging Strike
0-1: Ball
1-1: Ground out U3 (Groundball, 3)
Top of the 6th over - 1 run(s), 1 hit(s), 0 error(s), 1 left on base; Salem 4 - Battle Ground 6
BOTTOM OF THE 6TH
Battle Ground Aeros batting - Pitching for Salem Misfits : LHP Javier Roldán
Batting: LHB Jim Unknown 0-0: Ball
1-0: Ball
2-0: Ball
3-0: Called Strike
3-1: Called Strike
3-2: SINGLE (Flyball, 6MD)
Batting: LHB Jim Unknown 0-0: Called Strike
0-1: Ball
Throwing error on steal attempt, E2
Jim Unknown to third
1-1: SINGLE (Flyball, 89S)
Jim Unknown scores
Pitching: RHP Sid Brown
Batting: RHB Jim Unknown 0-0: Sac Bunt - play at first, batter OUT! U3
Jim Unknown to second
Batting: RHB Jim Unknown 0-0: SINGLE (Groundball, 5L)
Jim Unknown to third
Batting: RHB Jorge Rivera 0-0: Foul Ball, location: 2F
0-1: 3-RUN HOME RUN (Flyball, 78XD), Distance : 421 ft
Batting: RHB Artie Miller 0-0: Swinging Strike
0-1: Ball
1-1: Ball
2-1: Foul Ball, location: 2F
2-2: Ball
3-2: Strikes out swinging
Batting: SHB Jim Unknown 0-0: Called Strike
0-1: Ball
1-1: Ball
2-1: SINGLE (Groundball, 34D)
Batting: LHB Jim Unknown 0-0: Ball
1-0: Swinging Strike
1-1: Foul Ball, location: 2F
1-2: Ball
2-2: Strikes out swinging
Bottom of the 6th over - 4 run(s), 5 hit(s), 1 error(s), 1 left on base; Salem 4 - Battle Ground 10
TOP OF THE 7TH
Salem Misfits batting - Pitching for Battle Ground Aeros : LHP Phil Hanson
Batting: RHB Jim Unknown 0-0: Ball
1-0: Ball
2-0: Called Strike
2-1: Swinging Strike
2-2: Ground out 4-3 (Groundball, 4M)
Batting: RHB Jim Unknown 0-0: Ball
1-0: Bunt for hit - play at first, batter OUT! 3-4
Batting: RHB Jim Unknown 0-0: Called Strike
0-1: Ball
1-1: Reached on error, E6 (Groundball, 6)
Batting: LHB Jim Unknown 0-0: Ball
1-0: Called Strike
1-1: Ball
2-1: Ball
3-1: Foul Ball, location: 2F
3-2: Base on Balls
Jim Unknown to second
Batting: SHB Alonso Márquez 0-0: Ball
1-0: SINGLE (Line Drive, 89S)
Jim Unknown to third
Jim Unknown to second
Batting: LHB Micheal Garren 0-0: Called Strike
0-1: Ball
1-1: SINGLE (Line Drive, 56D)
Jim Unknown scores
Jim Unknown to third
Alonso Márquez to second
Runner from 3rd tries for Home, SAFE, no throw or cutoff
Pitching: LHP Dan Drew
Batting: RHB Steve Duncan 0-0: 3-RUN HOME RUN (Line Drive, 7D), Distance : 387 ft
Batting: LHB Júlio Valentín 0-0: Called Strike
0-1: TRIPLE (Flyball, 89M)
Batting: RHB Jay Parker 0-0: Ball
1-0: Swinging Strike
1-1: Fly out, F6 (Popup, 6M)
Top of the 7th over - 5 run(s), 4 hit(s), 1 error(s), 1 left on base; Salem 9 - Battle Ground 10
BOTTOM OF THE 7TH
Battle Ground Aeros batting - Pitching for Salem Misfits : RHP Sid Brown
Batting: RHB Jim Unknown 0-0: Ball
1-0: Ball
2-0: Ball
3-0: Base on Balls
Batting: LHB Jim Unknown 0-0: Fly out, F9 (Flyball, 89M)
Batting: LHB Jim Unknown 0-0: Ball
1-0: Swinging Strike
1-1: SINGLE (Groundball, 4MD)
Jim Unknown to second
Batting: RHB Jim Unknown 0-0: Called Strike
0-1: Ball
1-1: Fly out, F6 (Popup, 5D)
Batting: RHB Jim Unknown 0-0: Foul Ball, location: 2F
0-1: Called Strike
0-2: Ball
1-2: Strikes out looking
Bottom of the 7th over - 0 run(s), 1 hit(s), 0 error(s), 2 left on base; Salem 9 - Battle Ground 10
TOP OF THE 8TH
Salem Misfits batting - Pitching for Battle Ground Aeros : LHP Dan Drew
Pitching: RHP Will Benton
Batting: RHB Jim Unknown 0-0: Ground out 5-3 (Groundball, 5S)
Batting: RHB Jim Unknown 0-0: Foul Ball, location: 2F
0-1: Reached on Error, E4 (Popup, 4)
Pinch Hitting: RHB Jim Unknown 0-0: Ball
1-0: Ball
2-0: Ball
3-0: Base on Balls
Jim Unknown to second
Pitching: RHP Jen-djieh Si
Batting: LHB Jim Unknown 0-0: Ball
1-0: Ball
2-0: Foul Ball, location: 2F
2-1: Grounds into double play, 6-4-3 (Groundball, 6)
Top of the 8th over - 0 run(s), 0 hit(s), 1 error(s), 1 left on base; Salem 9 - Battle Ground 10
BOTTOM OF THE 8TH
Battle Ground Aeros batting - Pitching for Salem Misfits : RHP Sid Brown
Now at 3B: Jim Unknown
Batting: RHB Jorge Rivera 0-0: Called Strike
0-1: Swinging Strike
0-2: Fly out, F8 (Flyball, 8LM)
Batting: RHB Artie Miller 0-0: Ball
1-0: Fly out, F6 (Popup, 6M)
Batting: SHB Jim Unknown 0-0: Foul Ball, location: 2F
0-1: Called Strike
0-2: Ball
1-2: SINGLE (Groundball, 4)
Batting: LHB Jim Unknown 0-0: Ball
1-0: Fly out, F5 (Popup, 56)
Bottom of the 8th over - 0 run(s), 1 hit(s), 0 error(s), 1 left on base; Salem 9 - Battle Ground 10
TOP OF THE 9TH
Salem Misfits batting - Pitching for Battle Ground Aeros : RHP Jen-djieh Si
Pitching: RHP Marv Bradford
Pinch Hitting: RHB Jim Unknown 0-0: Called Strike
0-1: Ball
1-1: Foul Ball, location: 2F
1-2: SINGLE (Groundball, 6)
Batting: LHB Micheal Garren 0-0: Grounds into double play, U4-3 (Groundball, 4)
Batting: RHB Steve Duncan 0-0: Called Strike
0-1: SINGLE (Flyball, 6MD)
Batting: LHB Júlio Valentín 0-0: Ball
1-0: Ball
Passed Ball!
Steve Duncan to second
2-0: Called Strike
2-1: Ball
3-1: SINGLE (Line Drive, 9LM)
Steve Duncan to third
Runner from 3rd tries for Home, SAFE, no throw or cutoff
Batting: RHB Jay Parker 0-0: Ball
1-0: Ball
2-0: Foul Ball, location: 2F
2-1: Called Strike
2-2: SINGLE (Groundball, 6M)
Júlio Valentín to second
Runner from 2nd tries for 3rd, SAFE, no throw or cutoff
Batting: RHB Jim Unknown 0-0: Ball
1-0: SINGLE (Groundball, 6)
Júlio Valentín scores
Jay Parker to second
Batting: RHB Jim Unknown 0-0: Ball
1-0: Called Strike
1-1: Called Strike
1-2: Foul Ball, location: 2F
1-2: Ball
2-2: Ball
3-2: Base on Balls
Jay Parker to third
Jim Unknown to second
Batting: RHB Jim Unknown 0-0: Swinging Strike
0-1: SINGLE (Flyball, 89S)
Jay Parker scores
Jim Unknown to third
Jim Unknown to second
Runner from 3rd tries for Home, SAFE, throw made at trailing runner, OUT at third!
Top of the 9th over - 4 run(s), 6 hit(s), 0 error(s), 1 left on base; Salem 13 - Battle Ground 10
BOTTOM OF THE 9TH
Battle Ground Aeros batting - Pitching for Salem Misfits : RHP Sid Brown
Pitching: RHP Sean LeBlanc
Now at SS: Jim Unknown
Batting: RHB Jim Unknown 0-0: Swinging Strike
0-1: Ball
1-1: Ball
2-1: Foul Ball, location: 2F
2-2: DOUBLE (Flyball, 7M)
Batting: LHB Jim Unknown 0-0: Called Strike
0-1: Swinging Strike
0-2: Ball
1-2: Strikes out swinging
Batting: LHB Jim Unknown 0-0: Ground out 1-3 (Groundball, 13S)
Jim Unknown to third
Batting: RHB Jim Unknown 0-0: Swinging Strike
0-1: Ball
1-1: Ball
2-1: DOUBLE (Line Drive, 8RM)
Jim Unknown scores
Batting: RHB Jim Unknown 0-0: Foul Ball, location: 2F
0-1: Foul Ball, location: 2F
0-2: Ball
1-2: Strikes out looking
Bottom of the 9th over - 1 run(s), 2 hit(s), 0 error(s), 1 left on base; Salem 13 - Battle Ground 11
This league is powered by Out of the Park Baseball, the baseball management simulation game for PC, Mac and Linux
Friday, January 22nd, 2016 - OOTP Baseball 16.9 Build 39